 Dungeon Crawl Stone Soup version 0.27-a0-1196-g3e9cee4cb2 (webtiles) character file.

Game seed: 1005192102614491089

72 robertstho the Magician (level 4, -5/31 HPs)
             Began as a Djinni Fire Elementalist on May 28, 2021.
             Slain by a water moccasin (8 damage)
             ... on level 3 of the Dungeon.
             The game lasted 00:03:53 (3504 turns).

robertstho the Magician (Djinni Fire Elementalist)  Turns: 3504, Time: 00:03:53

Health: -5/31      AC:  2    Str:  7    XL:     4   Next: 50%
Gold:   44         EV: 12    Int: 17    God:
                   SH:  0    Dex: 14

rFire    + + .     SeeInvis +   b - +0 dagger
rCold    x . .     Faith    .   (no shield)
rNeg     . . .     Spirit   .   a - +0 robe
rPois    ∞         Reflect  .   (no helmet)
rElec    .         Harm     .   (no cloak)
rCorr    .         Rampage  .   (no gloves)
Will     .....                  (boots unavailable)
Stlth    ++........             (no amulet)
HPRegen  0.10/turn              d - ring of see invisible
MPRegen  0.00/turn              (no ring)

@: attractive, flying, very slightly contaminated
A: sickness immunity, fire resistance 2, cold vulnerability 1, float, innate
caster, hp casting, extra vitality 1
a: no special abilities


You were on level 3 of the Dungeon.
You visited 1 branch of the dungeon, and saw 3 of its levels.

You collected 44 gold pieces.

Inventory:

Hand Weapons
 b - a +0 dagger (weapon)
Armour
 a - a +0 robe (worn)
Jewellery
 d - a ring of see invisible (left hand)
Scrolls
 c - 3 scrolls of identify {unknown}
 e - a scroll of enchant weapon {unknown}
 g - a scroll of magic mapping {unknown}


   Skills:
 * Level 0.9 Fighting
 + Level 2.4 Dodging
 + Level 2.0 Stealth
 * Level 3.4 Spellcasting


You couldn't memorise any spells.
You knew the following spells:

 Your Spells              Type           Power      Damage    Failure   Level
a - Foxfire               Conj/Fire      56%        2x1d6     4%          1
b - Conjure Flame         Conj/Fire      14%        6-21      12%         3
c - Inner Flame           Hex/Fire       14%        N/A       12%         3
d - Sticky Flame          Conj/Fire      14%        2d4       36%         4
e - Fireball              Conj/Fire      7%         3d5       73%         5
f - Apportation           Tloc           28%        N/A       4%          1
Your spell library was empty.

Dungeon Overview and Level Annotations

Branches:
Dungeon (3/15)

Altars:

Shops:
D:1 (


Innate Abilities, Weirdness & Mutations

You are immune to sickness and miasma.
You are immune to poison.
Your flesh is very heat resistant. (rF++)
You are vulnerable to cold. (rC-)
You float through the air rather than walking.
You learn spells naturally, not from books.
Your magical power is your life essence.
You have superior vitality. (+4 HP)


Message History

The foxfire hits the jackal.
The jackal is heavily wounded.
A rat comes into view.
The foxfire hits the jackal.
You kill the jackal!
Casting: Foxfire (safe; 4% risk of failure)
Press: ? - help, Q - select action, (/) - cycle Dir - look around, f - activate You conjure some foxfire!
The foxfire hits the water moccasin.
The water moccasin is lightly wounded.
The foxfire hits the water moccasin.
The water moccasin is lightly wounded.
The water moccasin misses you.
Casting: Foxfire (safe; 4% risk of failure)
Press: ? - help, Q - select action, (/) - cycle Dir - look around, f - activate You conjure some foxfire!
The water moccasin bites you! The water moccasin closely misses you.
The foxfire hits the water moccasin.
The water moccasin is moderately wounded.
The water moccasin bites you. The water moccasin bites you.
* * * LOW HITPOINT WARNING * * *
The water moccasin closely misses you. The water moccasin bites you.
* * * LOW HITPOINT WARNING * * *
It was a potion of attraction.
You feel attractive to monsters.
The water moccasin closely misses you. x2
Casting: Foxfire (safe; 4% risk of failure)
Confirm with . or Enter, or press ? or * to list all spells.
The spell is potentially lethal to cast (36% risk of failure)!
Continue anyway?
Aiming: Sticky Flame (potentially lethal; 36% risk of failure)
Press: ? - help, Shift-Dir - straight line, f - water moccasin
Aim: a water moccasin (moderately wounded, 100% to hit)
You miscast Sticky Flame.
You are very lightly contaminated with residual magic.
Nothing appears to happen.
* * * LOW HITPOINT WARNING * * *
The water moccasin bites you!
You die...

##.# #......# ^#.#
####..## ^..# #.##
^### #.# ## #.#
#.# #.# #.#
########### ##.##
#..@Sr....#
##...###.#######†#
###.....##.# ..#
............# #...
######.######
#...# #.# ..†..
#.# ...... #+#
.......


You could see a water moccasin and a rat.

Vanquished Creatures
  2 worms (D:2)
  2 dart slugs (D:2)
  3 ball pythons
  A bat (D:3)
  4 endoplasms
  2 giant cockroaches
  4 goblins
  4 hobgoblins
  12 jackals
  3 kobolds
  4 quokkas
  5 frilled lizards
  8 rats
54 creatures vanquished.

Vanquished Creatures (others)
  224 foxfires
224 creatures vanquished.

Grand Total: 278 creatures vanquished

Notes
Turn   | Place    | Note
-------+----------+-------------------------------------------
     0 | D:1      | robertstho the Djinni Fire Elementalist began the quest for
                  | the Orb.
     0 | D:1      | Reached XP level 1. HP: 15/15 MP: 0/0
   350 | D:1      | Reached XP level 2. HP: 17/21 MP: 0/0
   605 | D:1      | Found Coqiuxamn's Antique Weapon Emporium.
  1179 | D:1      | Reached skill level 3 in Spellcasting
  1179 | D:1      | Reached XP level 3. HP: 22/26 MP: 0/0
  1179 | D:1      | Learned a level 1 spell: Apportation
  2151 | D:2      | Reached XP level 4. HP: 26/31 MP: 0/0
  3446 | D:3      | Found a faded altar of an unknown god.
  3489 | D:3      | Noticed a water moccasin
  3504 | D:3      | Slain by a water moccasin

Illustrated notes

Levels and vault maps discovered:
D:1:      dpeg_arrival_erosion, layout_loops_cross, serial_shops, shop
D:2:      layout_basic, roderic_serpentine_path
D:3:      layout_loops_corners, ebering_ecumenical_altar_webs,
          guppyfry_early_orc_mine

Skill      XL: |  1  2  3  4 |
---------------+-------------+-----
Spellcasting   | 3 |  3.4
Stealth        | 2 |  2.0
Fighting       | |  0.9
Dodging        | |  2.4

Action                   |  1- 3 |  4- 6 || total
-------------------------+-------+-------++-------
 Cast: Foxfire           |    98 |    49 ||   147
  Use: Potion            |       |     1 ||     1
Armor: Robe              |     2 |       ||     2
Dodge: Dodged            |    11 |    11 ||    22

Table legend: (Time is in decaauts)
 A = Elapsed time spent in this place.
 B = Non-inter-level travel time spent in this place.
 C = Inter-level travel time spent in this place.
 D = Time resting spent in this place.
 E = Time spent auto-exploring this place.
 F = Levels seen in this place.
 G = Mean time per level.
                   A        B        C        D        E       F      G
               +--------+--------+--------+--------+--------+-----+--------+
         Total |   3502 |   3370 |    132 |      0 |   3040 |   3 | 1167.3 |
       Dungeon |   3502 |   3370 |    132 |      0 |   3040 |   3 | 1167.3 |
               +--------+--------+--------+--------+--------+-----+--------+

Top non-repeatable levels by time:
     D:1: 1660 daAuts
     D:2: 1469 daAuts
     D:3: 372 daAuts
